 Dungeon Crawl Stone Soup version 0.32-a0-22-g6ae6769602 (webtiles) character file.

Game seed: 9146054440121138838

201 DApurpleWHUMPUS the Ducker (level 5, -2/28 HPs)
             Began as a Deep Elf Fire Elementalist on Jan 18, 2024.
             Slain by a gnoll
             ... wielding a +0 club
             ... led by a gnoll bouda
              (3 damage)
             ... on level 4 of the Dungeon.
             The game lasted 00:10:33 (4102 turns).

DApurpleWHUMPUS the Ducker (DEFE)                   Turns: 4102, Time: 00:10:34

Health: -2/28      AC:  3    Str:  5    XL:     5   Next: 50%
Magic:  1/13       EV: 14    Int: 20    God:
Gold:   268        SH:  0    Dex: 17    Spells: 5/12 levels left

rFire   + . .        (no weapon)
rCold   x . .        (no shield)
rNeg    . . .        a - +0 robe
rPois   .            f - +0 helmet
rElec   .            (no cloak)
rCorr   .            (no gloves)
SInv    .            (no boots)
Will    .....        (no amulet)
Stlth   ++           m - ring of fire
HPRegen 0.24/turn    (no ring)
MPRegen 0.13/turn

%: no passive effects
@: no status effects
A: no striking features
a: no special abilities


You were on level 4 of the Dungeon.
You visited 1 branch of the dungeon, and saw 4 of its levels.

You collected 268 gold pieces.

Inventory:

Armour
 a - a +0 robe (worn)
 f - a +0 helmet (worn)
Jewellery
 m - a ring of fire (left hand)
Scrolls
 c - 4 scrolls of identify {unknown}
 d - 3 scrolls of fog {unknown}
 e - a scroll of amnesia {unknown}
 g - a scroll of poison {unknown}
 h - 2 scrolls of teleportation {unknown}
Potions
 b - a potion of ambrosia {unknown}
 i - a potion of invisibility {unknown}
 j - a potion of curing {unknown}
 k - 2 potions of mutation {unknown}
 l - a potion of cancellation {unknown}
 n - a potion of might {unknown}


   Skills:
 * Level 4.6 Dodging
 - Level 2.8 Stealth
 + Level 4.2 Spellcasting
 + Level 2.6 Conjurations
 + Level 1.3 Hexes
 + Level 4.1 Fire Magic


You had 5 spell levels left.
You knew the following spells:

 Your Spells              Type           Power      Damage    Failure   Level
a - Foxfire               Conj/Fire      100%       2x1d9     3%          1
b - Scorch                Fire           62%        2d7       3%          2
c - Slow                  Hex            36%        N/A       7%          1
d - Confusing Touch       Hex            9%         N/A       22%         3

Your spell library contained the following spells:

 Spells                   Type           Power      Damage    Failure   Level
 Inner Flame              Hex/Fire       22%        N/A       12%         3
 Volatile Blastmotes      Fire/Tloc      36%        2d13      16%         3
 Sigil of Binding         Hex            9%         N/A       22%         3
 Flame Wave               Conj/Fire      26%        2d8       30%         4
 Vampiric Draining        Necr           4%         2d6       36%         3


Dungeon Overview and Level Annotations

Branches:
Dungeon (4/15)
 Temple: D:4-7

Altars:
Elyvilon
Yredelemnul


Message History

The dart slug is heavily wounded.
The foxfire hits the gnoll.
The gnoll is lightly wounded.
A gnoll comes into view. It is wielding a +0 club.
Casting: Foxfire (safe; 3% risk of failure)
Confirm with . or Enter, or press ? or * to list all spells.
You feel a surge of power!
Flames lash the gnoll.
You kill the gnoll!
The foxfire hits the dart slug.
You kill the dart slug!
The foxfire hits the gnoll.
The gnoll is moderately wounded.
A gnoll comes into view. It is wielding a +0 halberd.
You feel a surge of power!
You conjure some foxfire!
A gnoll comes into view. It is wielding a +0 spear.
Casting: Foxfire (safe; 3% risk of failure)
Confirm with . or Enter, or press ? or * to list all spells.
You feel a surge of power!
Flames lash the gnoll.
The gnoll is heavily wounded.
The gnoll's fire resistance burns away.
Your attacks no longer feel as feeble.
The foxfire hits the gnoll but does no damage.
The gnoll is heavily wounded.
The foxfire hits the gnoll.
The gnoll is burned terribly!
The gnoll is severely wounded.
Casting: Scorch (safe; 3% risk of failure)
Confirm with . or Enter, or press ? or * to list all spells.
You feel a surge of power!
Flames lash the gnoll.
The gnoll is burned terribly!
The gnoll is almost dead.
The gnoll barely misses you.
Okay, then.
Okay, then.
The gnoll attacks as it pursues you! The gnoll hits you with a +0 club!
The gnoll attacks as it pursues you! The gnoll hits you with a +0 club.
The gnoll attacks as it pursues you! The gnoll hits you with a +0 club.
The gnoll attacks as it pursues you!
The gnoll hits you from afar with a +0 halberd!
* * * LOW HITPOINT WARNING * * *
The gnoll hits you with a +0 club.
You die...

#...# #.#.##..## # #...#
#.#.......
#.#####..)#######.#..#)...
...#........).....##......#..
#.....<....g.............#..
...#....†.........##.#..#.#..
.....#####..g##### #....#.#..
#.## #.g.# #..#)..... # #.g@#
#..###...# #...# #......#.#
#...##### ##.###.#..
##......# #.# #.#.>
######.####.# #.# #.#..
#...........# #.###....
#.##........# #........
######.##.#..#...# #####._..
#...>.....#......# #....


You could see 4 gnolls.

Vanquished Creatures
  An orc priest (D:2)
  A gnoll bouda (D:4)
  3 adders
  A gnoll (D:4)
  A shadow imp (D:3)
  2 dart slugs
  3 ribbon worms
  5 orcs
  7 bats
  6 endoplasms
  A giant cockroach (D:2)
  6 goblins
  13 hobgoblins
  6 jackals
  6 ball pythons
  4 frilled lizards
  7 kobolds
  5 rats
78 creatures vanquished.

Vanquished Creatures (others)
  241 foxfires
241 creatures vanquished.

Grand Total: 319 creatures vanquished

Notes
Turn   | Place    | Note
-------+----------+-------------------------------------------
     0 | D:1      | DApurpleWHUMPUS the Deep Elf Fire Elementalist began the
                  | quest for the Orb.
     0 | D:1      | Reached XP level 1. HP: 10/10 MP: 6/6
   354 | D:1      | Reached XP level 2. HP: 15/15 MP: 4/8
   681 | D:1      | Learned a level 2 spell: Scorch
  1265 | D:2      | Reached XP level 3. HP: 19/19 MP: 6/9
  1334 | D:2      | Reached XP level 4. HP: 8/24 MP: 4/11
  2400 | D:2      | Learned a level 1 spell: Slow
  2404 | D:2      | Learned a level 3 spell: Confusing Touch
  2890 | D:3      | Found a faded altar of an unknown god.
  3423 | D:3      | You fall into a shaft and drop 1 floor!
  3534 | D:4      | Reached XP level 5. HP: 28/28 MP: 10/13
  3671 | D:4      | Found a white marble altar of Elyvilon.
  3817 | D:4      | Reached skill level 1 in Hexes
  4033 | D:4      | Found a basalt altar of Yredelemnul.
  4102 | D:4      | HP: 1/28 [gnoll/+0 halberd[a gnoll bouda] (12)]
  4102 | D:4      | Slain by a gnoll

Illustrated notes

Levels and vault maps discovered:
D:1:      minmay_arrival_up_and_down, layout_basic,
          minmay_misc_feat_four_crosses
D:2:      layout_basic
D:3:      layout_rooms, nicolae_ru_path_of_blood,
          hellmonk_ecumenical_altar_dog_temple,
          minmay_fractal_squares_diagonal_5
D:4:      layout_loops_cross, trog_hazing_becter, mainiacjoe_overflow_boulevard,
          yredelemnul_altar_generic, chequers_serial_rivers_micro_b,
          bh_walls_and_bars

Skill      XL: |  1  2  3  4  5 |
---------------+----------------+-----
Dodging        | 3 4 |  4.6
Conjurations   | 2 |  2.6
Spellcasting   | 4 |  4.2
Fire Magic     | 4 |  4.1
Hexes          | 1 |  1.3
Stealth        | |  2.8

Action                     |  1- 3 |  4- 6 || total
---------------------------+-------+-------++-------
  Melee: Unarmed           |     5 |       ||     5
   Cast: Foxfire           |    53 |   102 ||   155
         Scorch            |    11 |    20 ||    31
    Use: Potion            |     1 |       ||     1
 Armour: Robe              |    14 |    12 ||    26
  Dodge: Dodged            |     9 |    10 ||    19

Table legend: (Time is in decaauts)
 A = Elapsed time spent in this place.
 B = Non-inter-level travel time spent in this place.
 C = Inter-level travel time spent in this place.
 D = Time resting spent in this place.
 E = Time spent auto-exploring this place.
 F = Levels seen in this place.
 G = Mean time per level.
                   A        B        C        D        E       F      G
               +--------+--------+--------+--------+--------+-----+--------+
         Total |   4101 |   4026 |     75 |    506 |   2973 |   4 | 1025.2 |
       Dungeon |   4101 |   4026 |     75 |    506 |   2973 |   4 | 1025.2 |
               +--------+--------+--------+--------+--------+-----+--------+

Top non-repeatable levels by time:
     D:2: 1440 daAuts
     D:1: 1261 daAuts
     D:3: 808 daAuts
     D:4: 591 daAuts
